 Dungeon Crawl Stone Soup version 0.17.1-1-g73c8601 (webtiles) character file.

110 Miyamura the Sneak (level 4, -1/28 HPs)
             Began as an Octopode Wizard on Dec 24, 2015.
             Was an Initiate of Ashenzari.
             Slain by an orc
             ... wielding a +0 flail
              (10 damage)
             ... on level 2 of the Dungeon.
             The game lasted 00:09:31 (3471 turns).

Miyamura the Sneak (Octopode Wizard)                Turns: 3471, Time: 00:09:31

Health: -1/28      AC:  1    Str:  6    XL:     4   Next: 91%
Magic:  0/9        EV: 12    Int: 21    God:    Ashenzari [......]
Gold:   57         SH:  0    Dex: 10    Spells: 5 memorised, 0 levels left

rFire  . . .     SeeInvis .     l - +0 short sword (venom)
rCold  . . .     Clarity  .     (no shield)
rNeg   . . .     SustAt   .     a - +0 hat
rPois  .         Gourm    .     (no amulet)
rElec  .         Spirit   .     (no ring)
rCorr  .         Warding  .     (no ring)
rMut   .         Stasis   .     (no ring)
MR     .....                    (no ring)
Stlth  +++.......               (no ring)
                                (no ring)
                                (no ring)
                                (no ring)

@: not resistant to hostile enchantments, fairly stealthy
A: almost no armour, amphibious, 8 rings, constrict 8, camouflage 1, gelatinous
body 1
a: Renounce Religion


You were on level 2 of the Dungeon.
You worshipped Ashenzari.
Ashenzari was noncommittal.
You were not hungry.

You visited 1 branch of the dungeon, and saw 3 of its levels.

You collected 57 gold pieces.

Inventory:

Hand Weapons
 l - a +0 short sword of venom (weapon)
Missiles
 d - 60 stones (quivered)
 f - 3 javelins
 h - 15 poisoned needles
Armour
 a - a +0 hat (worn)
Potions
 i - a potion of heal wounds
 j - 3 potions of curing
 n - a potion of poison {unknown}
Books
 b - a book of Minor Magic

   Spells                             Type                      Level
   a - Magic Dart                     Conjuration                  1
   b - Blink                          Translocation                2
   c - Call Imp                       Summoning                    2
   d - Repel Missiles                 Charms/Air                   2
   e - Slow                           Hexes                        2
   f - Conjure Flame                  Conjuration/Fire             3
   g - Mephitic Cloud                 Conjuration/Poison/Air       3
Comestibles
 c - 3 bread rations
 g - a meat ration
 k - 2 chunks of flesh


   Skills:
 + Level 1.5 Fighting
 + Level 2.8 Dodging
 + Level 3.6 Stealth
 + Level 3.5 Spellcasting
 + Level 1.8 Conjurations
 - Level 1.0 Summonings
 - Level 1.1 Translocations
 + Level 0.4 Air Magic
 + Level 0.5 Poison Magic


You couldn't memorise any spells.
You knew the following spells:

 Your Spells              Type           Power        Failure   Level  Hunger
a - Magic Dart            Conj           ##..         8%          1    None
b - Blink                 Tloc           N/A          14%         2    ##.....
c - Call Imp              Summ           #.......     14%         2    ##.....
m - Mephitic Cloud        Conj/Pois/Air  #.......     30%         3    ###....
R - Repel Missiles        Chrm/Air       #.....       17%         2    ##.....


Dungeon Overview and Level Annotations

Branches:
Dungeon (3/15)

Altars:
Ashenzari


Innate Abilities, Weirdness & Mutations

You cannot wear most types of armour.
You are amphibious.
You can wear up to eight rings at the same time.
You can use your tentacles to constrict eight enemies at once.
Your skin changes colour to match your surroundings (Stealth).
Your rubbery body absorbs attacks (AC +1).


Message History

You constrict the adder. The adder bites you.
You hit the adder.
You kill the adder!
Casting: Call Imp
Confirm with . or Enter, or press ? or * to list all spells.
A beastly little devil appears in a puff of flame.
The orc hits you with a flail! What do you say? t - Shout!
Orders for allies: a - Attack new target. r - Retreat! s - Stop attacking. w - Wait here. f - Follow me.
Anything else - Stay silent.
Gang up on whom?
Press: ? - help, Dir - move target cursor, f - orc
Aim: an orc, wielding a flail and wearing a leather armour Attack!
You hear a bark!
The orc hits you with a flail!
You die...

# #.# ##.###.#.##.### #.#.# #
#K# ####.## ##.......# #....
##
#b####.#.#.###.#..###.###...#
.# #.##..........##..#
#.......# .#
#....#.#.#.#.####.###.###..##
.# ###.#).......# #.....#
#..## .# #.##.#.#.#.#
###.#####.... .##
#...)......####............
..#
#.##.#.#.#@.....#.###..#...
..###
#.........o######.........#
....###..#.#.#.#5#
#####......
.....###.........# #......
.....###.#.#.#.#.# ###...#
..##.............# ##...
..######.#.#.#>### #### .###
#........# ...# #.#.#.#.##


You could see an orc and a friendly crimson imp.

Vanquished Creatures
  3 adders (D:2)
  4 oozes
  An adder skeleton (D:3)
  A worm (D:2)
  4 giant geckos
  2 ball pythons (D:1)
  6 bats
  2 giant cockroaches
  5 hobgoblins
  2 jackals (D:2)
  4 giant newts
  8 goblins
  9 kobolds
  8 rats
59 creatures vanquished.

Vanquished Creatures (collateral kills)
  An orc (D:2)
  A kobold (D:2)
2 creatures vanquished.

Grand Total: 61 creatures vanquished

Notes
Turn   | Place    | Note
--------------------------------------------------------------
     0 | D:1      | Miyamura the Octopode Wizard began the quest for the Orb.
     0 | D:1      | Reached XP level 1. HP: 11/11 MP: 4/4
   434 | D:1      | Reached XP level 2. HP: 12/18 MP: 3/6
   537 | D:1      | Learned a level 2 spell: Call Imp
   540 | D:1      | Learned a level 2 spell: Blink
   543 | D:1      | Learned a level 2 spell: Repel Missiles
   858 | D:1      | Reached skill level 1 in Fighting
  1225 | D:1      | Reached XP level 3. HP: 23/23 MP: 5/7
  1714 | D:2      | Found a shattered altar of Ashenzari.
  2001 | D:2      | Became a worshipper of Ashenzari the Shackled
  2196 | D:2      | Reached XP level 4. HP: 21/28 MP: 9/9
  2705 | D:2      | Learned a level 3 spell: Mephitic Cloud
  2736 | D:3      | Noticed an ogre
  3471 | D:2      | Slain by an orc

Action                   |  1- 3 |  4- 6 || total
-------------------------+-------+-------++-------
Melee: Unarmed           |    28 |       ||    28
       Dagger            |    13 |       ||    13
       Short sword       |    45 |    42 ||    87
 Cast: Magic Dart        |    25 |     5 ||    30
       Repel Missiles    |     1 |       ||     1
       Call Imp          |       |    10 ||    10
       Blink             |       |     4 ||     4
  Use: Scroll            |     3 |     2 ||     5
       Potion            |       |     1 ||     1
 Stab: Sleeping          |    13 |     4 ||    17
  Eat: Chunk             |     4 |     4 ||     8
